 Dungeon Crawl Stone Soup version 0.31-a0-536-ga3e2962e35 (webtiles) character file.

Game seed: 974908689566828524

766 Ethylacetat the Sneak (level 7, 0/50 HPs)
             Began as an Octopode Gladiator on Aug 13, 2023.
             Was an Initiate of Gozag.
             Slain by an orc warrior
             ... wielding a +0 glaive
              (16 damage)
             ... on level 8 of the Dungeon.
             The game lasted 00:04:26 (3439 turns).

Ethylacetat the Sneak (Octopode Gladiator)          Turns: 3439, Time: 00:04:30

Health: 0/50       AC:  1    Str: 10 (13) XL:     7   Next: 82%
Magic:  7/7        EV: 15    Int:  9 (10) God:    Gozag
Gold:   388        SH:  0    Dex: 14 (16) Spells: 6/6 levels left

rFire   + . .        a - +0 rapier
rCold   + . .        (no shield)
rNeg    + . .        b - +0 hat
rPois   +            n - amulet of regeneration
rElec   +            j - ring of positive energy
rCorr   +            (no ring)
SInv    .            (no ring)
Will    +....        (no ring)
Stlth   ++++         (no ring)
HPRegen 1.08/turn    (no ring)
MPRegen 0.10/turn    (no ring)
                     (no ring)

%: no passive effects
@: resistant, gold aura, enlightened, hasted, very quick
A: almost no armour, amphibious, 8 rings, camouflage 1, gelatinous body 1,
(nimble swimmer 1), tentacles
a: Renounce Religion, Potion Petition, Call Merchant, Bribe Branch


You were on level 8 of the Dungeon.
You worshipped Gozag.
Gozag was aware of your devotion.
You visited 2 branches of the dungeon, and saw 7 of its levels.

You collected 453 gold pieces.
You paid 65 gold pieces to Gozag.

Inventory:

Hand Weapons
 a - a +0 rapier (weapon)
Missiles
 c - 3 throwing nets (quivered)
 d - a javelin
Armour
 b - a +0 hat (worn)
Jewellery
 j - a ring of positive energy (left tentacle)
 n - an amulet of regeneration (around mantle)
Wands
 p - a wand of paralysis (8)
Scrolls
 e - a scroll of summoning {unknown}
 f - 5 scrolls of teleportation {unknown}
 h - 3 scrolls of identify {unknown}
 m - a scroll of amnesia {unknown}
 u - a scroll of fear {unknown}
 v - a scroll of enchant armour {unknown}
Potions
 g - a potion of heal wounds
 i - a potion of might {unknown}
 k - a potion of enlightenment
 l - a potion of haste
 o - a potion of curing {unknown}
 s - a potion of degeneration


   Skills:
 + Level 5.2 Fighting
 - Level 3.0 Short Blades
 - Level 2.0 Throwing
 + Level 5.6 Dodging
 + Level 6.7 Stealth


You had 6 spell levels left.
You didn't know any spells.
Your spell library contained the following spells:

 Spells                   Type           Power      Damage    Failure   Level
 Portal Projectile        Hex/Tloc       0%         N/A       77%         3
 Tukima's Dance           Hex            0%         N/A       77%         3
 Iskenderun's Mystic Bla  Conj/Tloc      0%         2d3       99%         4


Dungeon Overview and Level Annotations

Branches:
Dungeon (5/15)             Temple (1/1) D:4

Altars:
Ashenzari
Cheibriados
Dithmenos
Elyvilon
Gozag
Okawaru
Uskayaw
Vehumet
Yredelemnul
Zin
The Shining One


Innate Abilities, Weirdness & Mutations

You cannot wear most types of armour.
You are amphibious.
You can wear up to eight rings at the same time.
Your skin changes colour to match your surroundings (Stealth+).
Your rubbery body absorbs attacks. (AC +1, EV +1)
((You are camouflaged when in or above water. (Stealth+)))
You have tentacles for arms and can constrict up to eight enemies at once.


Message History

The orc warrior is severely wounded.
The orc warrior hits you but does no damage. x2
You hit the orc warrior.
The orc warrior is almost dead.
You hit the orc warrior but do no damage.
The orc warrior is almost dead.
The orc warrior barely misses you.
The orc warrior hits you but does no damage.
You hit the orc warrior.
You kill the orc warrior!
The orc warrior hits you but does no damage.
You feel your intelligence returning.
You hit the orc warrior but do no damage.
The orc warrior hits you from afar with a +0 glaive!
The orc warrior hits you but does no damage.
You closely miss the orc warrior.
You hit the orc warrior but do no damage.
The orc warrior hits you from afar with a +0 glaive.
The orc warrior hits you with a +1 mace of protection.
You hit the orc warrior but do no damage.
The orc warrior hits you from afar with a +0 glaive.
* * * LOW HITPOINT WARNING * * *
The orc warrior hits you with a +1 mace of protection.
* * * LOW HITPOINT WARNING * * *
You hit the orc warrior but do no damage.
You feel much better.
The orc warrior hits you but does no damage.
The orc warrior hits you with a +1 mace of protection.
Okay, then.
You closely miss the orc warrior.
The orc warrior hits you but does no damage.
The orc warrior hits you from afar with a +0 glaive.
You barely miss the orc warrior. You barely miss the orc warrior.
You feel less wooden.
Your +0 hat unmelds from your body.
The orc warrior hits you with a +1 mace of protection!
The orc warrior hits you from afar with a +0 glaive!
You die...
Your body crumbles into a pile of gold. ### ..# #.# ##### #.#oo.ooo

#.#o..ooo#....#
#(o.ooooo#....#.#
#o# #....#.# #@#
#....#.#
#.########...##.#
#....>...#...##.#
#........#...##.#
#.........)..##.#
#...##..)))####)#
#...##...#..###)#
#...######....#.#
##### ###..#.#.##


You could see 2 orc warriors and 3 orcs.

Vanquished Creatures
  Sigmund (D:3)
  An orc warrior (D:8)
  A scorpion (D:4)
  Blork the orc (D:4)
  A gnoll sergeant (D:8)
  3 orc priests
  A hound (D:4)
  A sleepcap (D:4)
  5 adders (D:4)
  3 gnolls (D:8)
  A worm (D:3)
  3 dart slugs
  10 orcs
  9 bats
  5 endoplasms
  3 giant cockroaches
  7 goblins
  12 hobgoblins
  5 kobolds
  8 quokkas
  5 ball pythons
  4 frilled lizards
  5 rats
95 creatures vanquished.

Notes
Turn   | Place    | Note
-------+----------+-------------------------------------------
     0 | D:1      | Ethylacetat the Octopode Gladiator began the quest for the
                  | Orb.
     0 | D:1      | Reached XP level 1. HP: 14/14 MP: 1/1
   172 | D:1      | Reached skill level 1 in Stealth
   176 | D:1      | Reached XP level 2. HP: 9/19 MP: 2/2
   844 | D:2      | Reached skill level 2 in Stealth
   844 | D:2      | Reached XP level 3. HP: 25/25 MP: 3/3
  1610 | D:3      | Found a broken altar of Ashenzari.
  1621 | D:3      | Noticed Sigmund
  1625 | D:3      | Killed Sigmund
  1626 | D:3      | Reached skill level 4 in Stealth
  1626 | D:3      | Reached XP level 4. HP: 33/33 MP: 4/4
  1626 | D:3      | Reached XP level 5. HP: 37/37 MP: 5/5
  1698 | D:3      | Reached XP level 6. HP: 38/43 MP: 6/6
  1972 | D:4      | Noticed Blork the orc
  1977 | D:4      | Killed Blork the orc
  2094 | D:4      | Found a basalt altar of Yredelemnul.
  2146 | D:4      | Found a staircase to the Ecumenical Temple.
  2189 | D:4      | Reached skill level 5 in Stealth
  2200 | Temple   | Entered the Ecumenical Temple
  2210 | Temple   | Became a worshipper of Gozag Ym Sagoz the Greedy
  2427 | D:4      | Reached skill level 5 in Dodging
  2433 | D:4      | Reached XP level 7. HP: 22/49 MP: 7/7
  2734 | D:4      | Found a glowing silver altar of Zin.
  3012 | D:4      | Found a shadowy altar of Dithmenos.
  3239 | D:5      | Entered Level 5 of the Dungeon
  3290 | D:5      | You fall into a shaft and drop 3 floors!
  3313 | D:8      | Noticed a yak
  3338 | D:8      | Reached skill level 6 in Stealth
  3368 | D:8      | Reached skill level 5 in Fighting
  3439 | D:8      | Slain by an orc warrior

Illustrated notes

Levels and vault maps discovered:
D:1:      dpeg_cavernosity, layout_loops_ring
D:2:      layout_basic
D:3:      minmay_spotlight, layout_rooms, mainiacjoe_overflow_24_doors,
          corner_web_ring, uniq_sigmund
D:4:      layout_basic, kennysheep_mini, mainiacjoe_overflow_catwalk,
          nicolae_dithmenos_through_a_glass_darkly, temple_pool_b,
          kennysheep_diamond, nicolae_half_adder, uniq_blork_the_orc
D:5:      layout_basic, minmay_misc_feat_secret_circle, serial_bayou_pond_d
D:8:      layout_basic, makhleb_blood_cavern_becter,
          due_lair_maze_entry_diamond, special_room [special_room_orc],
          chequers_ossuary_entry_cave,
          ploomutoo_gammafunk_ghost_potion_laboratory, nrook_campfire,
          grunt_ministairs_8, st_stairs_7, uniq_jeremiah
Temple:   nicolae_temple_great_sept

Skill      XL: |  1  2  3  4  5  6  7 |
---------------+----------------------+-----
Stealth        | 1 2 4 5 6 |  6.7
Fighting       | 3 4 5 |  5.2
Dodging        | 4 5 |  5.6
Short Blades   | |  3.0
Throwing       | |  2.0

Action                     |  1- 3 |  4- 6 |  7- 9 || total
---------------------------+-------+-------+-------++-------
  Melee: Rapier            |    75 |    45 |    99 ||   219
         Constrict         |    19 |    14 |    14 ||    47
         Tentacles         |    12 |    11 |    12 ||    35
         Punch             |     3 |     1 |     3 ||     7
    Use: Potion            |       |       |     7 ||     7
   Stab: Sleeping          |    15 |     7 |     6 ||    28
         Distracted        |     2 |       |     1 ||     3
 Armour: Skin              |     5 |     2 |    23 ||    30
  Dodge: Dodged            |    37 |    28 |    46 ||   111

Table legend: (Time is in decaauts)
 A = Elapsed time spent in this place.
 B = Non-inter-level travel time spent in this place.
 C = Inter-level travel time spent in this place.
 D = Time resting spent in this place.
 E = Time spent auto-exploring this place.
 F = Levels seen in this place.
 G = Mean time per level.
                   A        B        C        D        E       F      G
               +--------+--------+--------+--------+--------+-----+--------+
         Total |   3433 |   3350 |     83 |      0 |   2706 |   7 |  490.4 |
       Dungeon |   3412 |   3338 |     74 |      0 |   2706 |   6 |  568.7 |
        Temple |     20 |     11 |      9 |      0 |      0 |   1 |   20.0 |
               +--------+--------+--------+--------+--------+-----+--------+

Top non-repeatable levels by time:
     D:4: 1250 daAuts
     D:1: 813 daAuts
     D:2: 607 daAuts
     D:3: 554 daAuts
     D:8: 136 daAuts
     D:5: 50 daAuts
  Temple: 20 daAuts
